 Dungeon Crawl Stone Soup version 0.22-a0-443-g17c3723 (webtiles) character file.

196 Gorglomux the Skirmisher (level 5, 0/48 HPs)
             Began as a Minotaur Monk on June 1, 2018.
             Succumbed to an adder's poison
             ... on level 3 of the Dungeon.
             The game lasted 00:02:15 (2624 turns).

Gorglomux the Skirmisher (Minotaur Monk)            Turns: 2624, Time: 00:02:16

Health: 0/48       AC:  0    Str: 17    XL:     5   Next: 46%
Magic:  4/4        EV: 14    Int:  7    God:
Gold:   162        SH:  0    Dex: 12    Spells: 4/4 levels left

rFire    . . .     SeeInvis .     - Unarmed
rCold    . . .     Gourm    .   (no shield)
rNeg     . . .     Faith    .   (no armour)
rPois    .         Spirit   .   (helmet restricted)
rElec    .         Reflect  .   (no cloak)
rCorr    .         Harm     .   (no gloves)
MR       .....                  (no boots)
Stlth    ++........             (no amulet)
HPRegen  0.16/turn              (no ring)
MPRegen  0.09/turn              (no ring)

@: lethally poisoned (0 -> -11), flying
A: retaliatory headbutt, horns 2
a: no special abilities


You were on level 3 of the Dungeon.
You were not hungry.

You visited 1 branch of the dungeon, and saw 3 of its levels.

You collected 162 gold pieces.

Inventory:

Jewellery
 n - a +6 ring of strength {unknown}
Scrolls
 d - a scroll of remove curse {unknown}
 h - a scroll of amnesia {unknown}
 j - a scroll of teleportation {unknown}
 k - 3 scrolls of random uselessness {unknown}
 q - a scroll of enchant armour {unknown}
Potions
 c - a potion of flight
 e - a potion of degeneration {unknown}
 f - a potion of magic {unknown}
 i - a potion of resistance {unknown}
 l - 2 potions of ambrosia {unknown}
 o - 2 potions of heal wounds {unknown}
 r - a potion of might {unknown}
Comestibles
 b - 4 rations
 p - 9 chunks of flesh


   Skills:
 + Level 5.2 Fighting
 + Level 4.7 Dodging
 - Level 1.5 Stealth
 + Level 4.7 Unarmed Combat


You had 4 spell levels left.
You didn't know any spells.
Your spell library was empty.

Dungeon Overview and Level Annotations

Branches:
Dungeon (3/15)

Altars:
Ashenzari
Xom

Annotations:
D:3 Natasha


Innate Abilities, Weirdness & Mutations

You reflexively headbutt those who attack you in melee.
You have a pair of horns on your head.


Message History

You feel sick! The adder bites you! * * * don't die
* * * The orc hits you but does butt damage!
You closely miss the adder!
Your headbutt misses the adder! * * * butt't die
* * * You feel sick!
The adder closely misses you!
The orc hits you with a hand axe! * * * don't die
* * * The adder barely misses you!
You squash the adder like an ant!
Your headbutt misses the adder!
The adder is moderately wounded! * * * don't die
* * * You feel sick!
The adder bites you! * * * don't die
* * * You are more poisoned!
The adder poisons you!!!
Unknown command!
It was a potion of flight!
You feel very buoyant!
You fly up into the air! rip

#. #. # ##' ##
##≈. ≈## ##≈≈h
≈≈###.. .##
#≈≈≈≈ ≈≈≈#...
...
+..≈S♣o..'...
.##
+...♣@≈..'..#
..>
#≈≈≈.≈≈≈≈##.#
### ##≈≈..≈≈##
##≈%.≈## ## #
##''## ##...##
#.###...#####
.......
#.............
.......
####..<..####.
.......
#.....#
.......


You could see Natasha, an adder and an orc.

Vanquished Creatures
  A crimson imp (D:3)
  An orc wizard (D:3)
  Natasha (twice) (D:2 D:3)
  3 adders
  2 worms
  A dart slug (D:2)
  5 orcs
  5 giant cockroaches
  5 goblins
  4 hobgoblins
  9 bats
  3 frilled lizards
  9 kobolds
  5 rats
55 creatures vanquished.

Notes
Turn   | Place    | Note
-------+----------+-------------------------------------------
     0 | D:1      | Gorglomux the Minotaur Monk began the quest for the Orb.
     0 | D:1      | Reached XP level 1. HP: 19/19 MP: 0/0
   144 | D:1      | Reached XP level 2. HP: 12/27 MP: 1/1
   152 | D:1      | Reached skill level 4 in Fighting
   760 | D:2      | Found a shattered altar of Ashenzari.
  1041 | D:2      | Noticed Natasha
  1042 | D:2      | Noticed a crimson imp
  1044 | D:2      | Killed Natasha
  1044 | D:2      | Reached XP level 3. HP: 33/33 MP: 2/2
  1700 | D:3      | Reached XP level 4. HP: 22/41 MP: 3/3
  1836 | D:3      | Noticed an orc warrior
  2277 | D:3      | Noticed Natasha
  2280 | D:3      | Killed Natasha
  2290 | D:3      | Noticed Natasha
  2369 | D:3      | Found a shimmering altar of Xom.
  2458 | D:3      | Reached skill level 5 in Fighting
  2458 | D:3      | Reached XP level 5. HP: 36/48 MP: 4/4
  2623 | D:3      | HP: 1/48 [adder (4)]
  2624 | D:3      | Succumbed to an adder's poison

Vault maps used:
D:1:      ncdulo_watergridlock
D:2:      evilmike_ruin_ashenzari, uniq_natasha
D:3:      nicolae_overflow_crystal_walls, kennysheep_generic_room_3

Skill      XL: |  1  2  3  4 |
---------------+-------------+-----
Fighting       | 4 5 |  5.2
Dodging        | 4 |  4.7
Unarmed Combat | 4 |  4.7
Stealth        | |  1.5

Action                   |  1- 3 |  4- 6 || total
-------------------------+-------+-------++-------
Melee: Unarmed           |    93 |    61 ||   154
       Headbutt          |    16 |    10 ||    26
       Punch             |     2 |     2 ||     4
  Use: Potion            |       |     1 ||     1
 Stab: Sleeping          |     2 |       ||     2
  Eat: Chunk             |     2 |     3 ||     5
Dodge: Dodged            |    51 |    38 ||    89

Table legend:
 A = Spawn XP
 B = Non-spawn XP
 C = Spawn XP percentage of total XP
 D = Spawn monster count
 E = Non-spawn monster count
 F = Spawn count percentage of total count
 G = Total turns spent on level
                    A         B        C        D         E        F      G
               +---------+---------+-------+---------+---------+-------+---------
         Total |       0 |     281 |   0.0 |       0 |      55 |   0.0 |  2624
               +---------+---------+-------+---------+---------+-------+---------
           D:1 |       0 |      24 |   0.0 |       0 |      16 |   0.0 |   614
           D:2 |       0 |      74 |   0.0 |       0 |      17 |   0.0 |  1665
           D:3 |       0 |     183 |   0.0 |       0 |      22 |   0.0 |   345
               +---------+---------+-------+---------+---------+-------+---------
